AoeStats
← Lucas Grijander

Northern Isles

510394590Analyzed
1v1 RM · 13h ago on Sep 30, 2026· 17m 47s· 2 players
Game mode
Random Map
Map size
Tiny (2 player)
Population
200
Speed
Normal
Resources
Standard
Victory
Conquest
Starting age
Dark Age
Ending age
Imperial Age
RankedLock teamsTeams togetherTeam positionsShared explorationLock speedFull tech treeHidden civsTurbo modeCheats
Victory
Defeat
🇪🇸 Saxons · Spain
858
+16
🇨🇿 Vikings · Czechia
867
-16
Lucas Grijander
11:01 Loom
12:49 Feudal Age
14:57 Wheelbarrow
15:13 Double-Bit Axe
15:58 Arson
15:58 Man-at-Arms
count von count
0:44 Loom
11:26 Feudal Age
12:05 Double-Bit Axe
18:08 Castle Age
18:03 Stone Mining
18:09 Gold Mining
Connection lost

Rejoining the realm…

Still unreachable

The connection could not be restored.

Session expired

The server has moved on; the page needs a fresh start.